 Dungeon Crawl Stone Soup version 0.29.0-13-gc9e81de378 (webtiles) character file.

Game seed: 10120581577003502648

452 SensoryNuts the Slasher (level 6, 0/70 HPs)
             Began as a Demonspawn Fighter on Sept 8, 2022.
             Slain by an orc priest
             ... wielding a +1 flail of holy wrath
              (2 damage)
             ... on level 4 of the Dungeon.
             The game lasted 00:04:36 (3381 turns).

SensoryNuts the Slasher (Demonspawn Fighter)        Turns: 3381, Time: 00:04:38

Health: 0/70       AC: 26    Str: 17    XL:     6   Next: 75%
Magic:  6/6        EV:  2    Int:  9    God:
Gold:   111        SH:  5    Dex: 14    Spells: 5/5 levels left

rFire   . . .      SeeInvis .   a - +0 long sword
rCold   . . .      Faith    .   b - +0 buckler {AC+3}
rNeg    . . .      Spirit   .   (body armour currently unavailable)
rPois   +          Reflect  .   (helmet currently unavailable)
rElec   .          Harm     .   (cloak currently unavailable)
rCorr   .          Rampage  .   (gloves currently unavailable)
Will    .....      NoTele   +   (boots currently unavailable)
Stlth   +.........              f - amulet of the acrobat
HPRegen 0.21/turn               (no ring)
MPRegen 0.10/turn               (no ring)

@: tree-form
A: stationary, stasis, torment immunity, boosted hp, (horns 1), (weakness
stinger 1), (demonic touch 2)
a: no special abilities


You were on level 4 of the Dungeon.
You were a tree.
You visited 1 branch of the dungeon, and saw 4 of its levels.

You collected 111 gold pieces.

Inventory:

Hand Weapons
 a - a +0 long sword (weapon)
Armour
 b - a +0 buckler of protection (worn)
 e - the +5 chain mail of an ice cave (melded) {-Tele Int+2 SInv}
   (You found it on level 2 of the Dungeon)

   Int:       It affects your intelligence (+2).
   SInv:      It lets you see invisible.
   -Tele:     It prevents most forms of teleportation.
 i - a +0 pair of boots (melded)
Jewellery
 f - an amulet of the acrobat (around neck)
 o - a ring of ice
 s - a ring of resist corrosion
Scrolls
 h - a scroll of magic mapping
 n - a scroll of identify
 p - 2 scrolls of noise {unknown}
 q - a scroll of teleportation {unknown}
Potions
 c - a potion of degeneration {unknown}
 d - 3 potions of might
 g - a potion of mutation
 j - 3 potions of heal wounds {unknown}
 k - 2 potions of flight
 r - a potion of haste {unknown}


   Skills:
 + Level 3.5 Fighting
 + Level 4.7 Long Blades
 + Level 4.2 Armour
 + Level 0.8 Dodging
 + Level 0.1 Stealth
 + Level 3.6 Shields


You had 5 spell levels left.
You didn't know any spells.
Your spell library contained the following spells:

 Spells                   Type           Power      Damage    Failure   Level
 Blink                    Tloc           0%         N/A       63%         2
 Conjure Flame            Conj/Fire      0%         6-21      85%         3
 Ignite Poison            Fire/Tmut/Pois 0%         N/A       85%         3
 Lesser Beckoning         Tloc           0%         N/A       85%         3
 Sticky Flame             Conj/Fire      0%         2d3       99%         4
 Manifold Assault         Tloc           0%         N/A       100%        5


Dungeon Overview and Level Annotations

Branches:
Dungeon (4/15)
 Temple: D:4-7

Altars:
Cheibriados


Innate Abilities, Weirdness & Mutations

You are a tree.
Your roots penetrate the ground, keeping you stationary.
You cannot be teleported.
You are immune to unholy pain and torment.
Your maximum health is greatly increased.
Your equipment is partially melded.
((You have a pair of small horns on your head.))
((You have a small tail.))
((Your touch may inflict irresistible damage on your foes.))


Message History

You hit the gnoll.
The gnoll is moderately wounded.
The gnoll hits you but does no damage. You block the orc's attack.
You slash the gnoll! Your headbutt misses the gnoll.
The gnoll is almost dead.
The gnoll hits you but does no damage. The gnoll closely misses you.
The orc hits you with a +0 trident.
You barely miss the gnoll.
The gnoll is almost dead.
An orc priest comes into view. It is wielding a +0 short sword.
The gnoll hits you but does no damage. x2; The orc hits you with a +0 trident.
You closely miss the gnoll. You tail-slap the gnoll.
You kill the gnoll!
The orc completely misses you. The gnoll hits you but does no damage.
A gnoll comes into view. It is wielding a +0 club.
The orc priest hits you but does no damage.
The orc priest invokes the aid of Beogh against you.
Beogh smites you!
The gnoll hits you from afar with a +0 spear.
The orc hits you but does no damage.
The gnoll moves out of view.
You are too injured to fight recklessly!
As you read the scroll labelled SISEED NEMUOHODGHUR, it crumbles to dust.
Your body is wracked with pain!
* * * LOW HITPOINT WARNING * * *
The orc convulses!
The orc priest convulses! x2; The gnoll convulses!
It was a scroll of torment.
The orc priest calls down the wrath of Beogh upon you.
Beogh smites you!
* * * LOW HITPOINT WARNING * * *
The gnoll hits you but does no damage. The orc hits you but does no damage.
The orc priest calls upon Beogh to heal the orc.
The orc's wounds heal themselves!
It was a potion of lignification.
You turn into a tree.
Your +0 pair of boots melds into your body.
The +5 chain mail of an ice cave {-Tele Int+2 SInv} melds into your body.
Your roots penetrate the ground.
The orc priest casts a cantrip, but nothing happens.
The gnoll hits you but does no damage. You block the orc's attack.
The orc priest hits you with a +1 flail of holy wrath.
You die...

#. .. ###. ##.######
#... .......
#######.## .. ....
.......... #. ..#
#######.## #g #.#
##.##
#.#o###.#########..##
#o.o♣(.....).........
#..####...#..........
#...
.........####.....
###
######....###....#
...........<....#
########.###....#
............
######...###
#..........


You could see 2 orc priests, a gnoll and an orc.

Vanquished Creatures
  A black bear (D:4)
  A scorpion (D:4)
  An orc wizard (D:4)
  2 hound skeletons (D:3)
  6 adders
  9 gnolls
  A howler monkey skeleton (D:3)
  An adder skeleton (D:3)
  2 adder zombies (D:3)
  A dart slug (D:1)
  3 orcs (D:3)
  7 endoplasms
  3 giant cockroaches
  7 hobgoblins
  12 jackals
  8 kobolds
  3 quokkas
  8 ball pythons
  A ball python zombie (D:3)
  4 bats
  A frilled lizard (D:1)
  7 goblins
  7 rats
96 creatures vanquished.

Vanquished Creatures (others)
  A withered plant (D:3)
1 creature vanquished.

Grand Total: 97 creatures vanquished

Notes
Turn   | Place    | Note
-------+----------+-------------------------------------------
     0 | D:1      | SensoryNuts the Demonspawn Fighter began the quest for the
                  | Orb.
     0 | D:1      | Reached XP level 1. HP: 18/18 MP: 1/1
   233 | D:1      | Discovered your monstrous ancestry.
   233 | D:1      | Gained mutation: Your touch may inflict minor irresistible
                  | damage on your foes. [demonic ancestry]
   233 | D:1      | Reached XP level 2. HP: 16/24 MP: 2/2
   479 | D:1      | Gained mutation: You have a small tail. [demonic ancestry]
   479 | D:1      | Reached XP level 3. HP: 29/29 MP: 3/3
   936 | D:2      | Identified the +5 chain mail of an ice cave {-Tele Int+2
                  | SInv}
  1282 | D:2      | Reached XP level 4. HP: 32/35 MP: 4/4
  1728 | D:2      | Identified a scroll of acquirement
  1728 | D:2      | Acquired a +0 buckler of protection
  2043 | D:3      | Found a snail-covered altar of Cheibriados.
  2158 | D:3      | Gained mutation: You have a pair of small horns on your
                  | head. [demonic ancestry]
  2158 | D:3      | Reached XP level 5. HP: 41/41 MP: 5/5
  2935 | D:4      | Noticed a black bear
  2949 | D:4      | Killed a black bear
  2950 | D:4      | Gained mutation: Your touch may inflict irresistible damage
                  | on your foes. [demonic ancestry]
  2950 | D:4      | Reached XP level 6. HP: 43/47 MP: 6/6
  3380 | D:4      | HP: 1/47 [orc priest/divine providence (9)]
  3381 | D:4      | Slain by an orc priest

Illustrated notes

Levels and vault maps discovered:
D:1:      saegor_arrival_under_anarchy, layout_rooms
D:2:      layout_loops_ring
D:3:      layout_loops_corners, general_overflow_altar, serial_undead,
          serial_undead_e, serial_undead_c, serial_undead_f, serial_undead_d
D:4:      layout_basic, grunt_temple_overflow_champion_of_chaos

Skill      XL: |  1  2  3  4  5  6 |
---------------+-------------------+-----
Long Blades    | 2 3 4 |  4.7
Shields        | 3 |  3.6
Armour         | 3 4 |  4.2
Fighting       | |  3.5
Dodging        | |  0.8
Stealth        | |  0.1

Action                   |  1- 3 |  4- 6 || total
-------------------------+-------+-------++-------
Melee: Long sword        |    95 |   173 ||   268
       Tailslap          |     2 |    16 ||    18
       Headbutt          |       |    16 ||    16
  Use: Scroll            |     4 |     3 ||     7
       Potion            |       |     3 ||     3
Armor: Scale mail        |    31 |       ||    31
       Chain mail        |    16 |   130 ||   146
       Skin              |       |     1 ||     1
Dodge: Dodged            |    56 |    74 ||   130
Block: Buckler           |    29 |    51 ||    80
